 Seeded DCSS version 0.29-a0-397-g846e4a0bbc (webtiles) character file.

Game seed: 3853640191977401903 (custom seed)

46 oldmanjim the Vexing (level 3, -1/28 HPs)
             Began as a Gnoll Arcane Marksman on May 11, 2022.
             Slain by a quokka (4 damage)
             ... on level 2 of the Dungeon.
             The game lasted 00:04:38 (556 turns).

oldmanjim the Vexing (Gnoll Arcane Marksman)         Turns: 556, Time: 00:04:38

Health: -1/28      AC:  2    Str: 11    XL:     3   Next: 66%
Magic:  7/7        EV: 13    Int: 12    God:
Gold:   77         SH:  0    Dex: 12    Spells: 6/7 levels left

rFire   . . .      SeeInvis .   a - +0 hand crossbow
rCold   . . .      Faith    .   (no shield)
rNeg    . . .      Spirit   .   b - +0 robe
rPois   .          Reflect  .   (no helmet)
rElec   .          Harm     .   (no cloak)
rCorr   .          Rampage  .   (no gloves)
Will    .....                   (no boots)
Stlth   +.........              (no amulet)
HPRegen 0.09/turn               (no ring)
MPRegen 0.10/turn               (no ring)

@: no status effects
A: fangs 1, strong nose, distributed training
a: no special abilities


You were on level 2 of the Dungeon.
You visited 1 branch of the dungeon, and saw 2 of its levels.

You collected 77 gold pieces.

Inventory:

Hand Weapons
 a - a +0 hand crossbow (weapon)
Missiles
 g - 7 stones
Armour
 b - a +0 robe (worn)
Scrolls
 c - a scroll of vulnerability
 e - 3 scrolls of teleportation {unknown}
 f - a scroll of amnesia {unknown}
 h - a scroll of torment {unknown}
 i - a scroll of silence {unknown}
Potions
 d - a potion of curing {unknown}


   Skills:
 + Level 2.6 Fighting
 + Level 0.9 Short Blades
 + Level 0.9 Long Blades
 + Level 0.9 Axes
 + Level 0.9 Maces & Flails
 + Level 0.9 Polearms
 + Level 0.9 Staves
 + Level 0.9 Slings
 + Level 0.9 Bows
 + Level 4.5 Crossbows
 + Level 0.9 Throwing
 + Level 0.9 Armour
 + Level 4.5 Dodging
 + Level 0.9 Stealth
 + Level 0.9 Shields
 + Level 0.9 Unarmed Combat
 + Level 2.8 Spellcasting
 + Level 0.6 Conjurations
 + Level 5.4 Hexes
 + Level 0.6 Summonings
 + Level 0.6 Necromancy
 + Level 0.6 Translocations
 + Level 0.6 Transmutations
 + Level 0.6 Fire Magic
 + Level 0.6 Ice Magic
 + Level 0.6 Air Magic
 + Level 0.6 Earth Magic
 + Level 0.6 Poison Magic
 + Level 1.0 Invocations
 + Level 0.9 Evocations


You had 6 spell levels left.
You knew the following spells:

 Your Spells              Type           Power      Damage    Failure   Level
a - Slow                  Hex            56%        N/A       2%          1

Your spell library contained the following spells:

 Spells                   Type           Power      Damage    Failure   Level
 Inner Flame              Hex/Fire       9%         N/A       22%         3
 Portal Projectile        Hex/Tloc       18%        N/A       22%         3
 Cause Fear               Hex            7%         N/A       26%         4


Dungeon Overview and Level Annotations

Branches:
Dungeon (1/15)

Altars:


Innate Abilities, Weirdness & Mutations

You have very sharp teeth.
Your uncanny sense of smell can sniff out nearby items.
Your experience applies equally to all skills.


Message History

Press: ? - help, Q - select action, (/) - cycle Shift-Dir - straight line, f/p - gnoll
Aim: a gnoll, wielding a +0 club (heavily wounded, slow, 65% to hit)
You shoot a bolt. The bolt barely misses the gnoll.
The gnoll hits you with a +0 club.
Shoot: a) +0 hand crossbow
Press: ? - help, Q - select action, (/) - cycle Shift-Dir - straight line, f/p - gnoll
Aim: a gnoll, wielding a +0 club (heavily wounded, slow, 65% to hit)
You shoot a bolt. The bolt hits the gnoll.
The gnoll is heavily wounded.
The gnoll misses you.
Shoot: a) +0 hand crossbow
Press: ? - help, Q - select action, (/) - cycle Shift-Dir - straight line, f/p - gnoll
Aim: a gnoll, wielding a +0 club (heavily wounded, slow, 65% to hit)
You shoot a bolt. The bolt hits the gnoll.
You kill the gnoll!
Your Invocations skill increases to level 1!
Casting: Slow (safe; 2% risk of failure)
Confirm with . or Enter, or press ? or * to list all spells.
Aiming: Slow (safe; 2% risk of failure)
Press: ? - help, Shift-Dir - straight line, f - gnoll
Aim: a gnoll, wielding a +0 flail (lightly wounded, chance to affect: 62%)
The gnoll seems to slow down.
The gnoll barely misses you.
A quokka comes into view.
Shoot: a) +0 hand crossbow
Press: ? - help, Q - select action, (/) - cycle Shift-Dir - straight line, f/p - gnoll
Aim: a gnoll, wielding a +0 flail (lightly wounded, slow, 65% to hit)
You shoot a bolt.
The bolt hits the gnoll but does no damage.
The gnoll is lightly wounded.
Shoot: a) +0 hand crossbow
Press: ? - help, Q - select action, (/) - cycle Shift-Dir - straight line, f/p - gnoll
Aim: a gnoll, wielding a +0 flail (lightly wounded, slow, 65% to hit)
You shoot a bolt.
The bolt hits the gnoll but does no damage.
The gnoll is lightly wounded.
The gnoll hits you with a +0 flail!
* * * LOW HITPOINT WARNING * * *
Found a coppery potion.
The quokka attacks as you move away! The quokka bites you.
You die...

P♣ ∆ .. .. .♣♣.
♣..♣P P ##
..♣♣P♣.♣.♣♣ ..
♣.♣.P...♣.♣♣.♣ #
♣..♣.8!.♣P..♣
.♣.♣P..^.♣@♣
...♣8.⌠.8Pr♣
♣P....P.♣..P..#
♣.♣P.8..♣.♣♣P.##
♣......P♣.P♣ ##
♣♣♣♣♣.g♣♣♣♣♣♣P#
.P.♣..P♣P§§♣.♣
♣.P..P♣...§.§§♣
#
P.♣.♣PPP..♣§♣♣§.


You could see a gnoll (slow) and a quokka.

Vanquished Creatures
  3 gnolls
  A dart slug (D:1)
  An endoplasm (D:1)
  A giant cockroach (D:1)
  3 hobgoblins
  2 frilled lizards (D:1)
  2 goblins (D:1)
  3 kobolds (D:1)
  A rat (D:1)
17 creatures vanquished.

Vanquished Creatures (others)
  20 plants
20 creatures vanquished.

Grand Total: 37 creatures vanquished

Notes
Turn   | Place    | Note
-------+----------+-------------------------------------------
     0 | D:1      | oldmanjim the Gnoll Arcane Marksman began the quest for the
                  | Orb.
     0 | D:1      | Reached XP level 1. HP: 17/17 MP: 4/4
    38 | D:1      | Found a faded altar of an unknown god.
   103 | D:1      | Reached XP level 2. HP: 7/23 MP: 2/5
   437 | D:1      | Reached XP level 3. HP: 28/28 MP: 5/7
   506 | D:1      | You fall into a shaft and drop 1 floor!
   540 | D:2      | Reached skill level 1 in Invocations
   556 | D:2      | Slain by a quokka

Illustrated notes

Levels and vault maps discovered:
D:1:      minmay_arrival_jagged, layout_rooms, serial_bayou,
          serial_bayou_pond_b, serial_bayou_pond_c, serial_bayou_lake_a,
          serial_bayou_ford_a, ebering_ecumenical_altar_box,
          minmay_close_crescents
D:2:      wad_woods_tower, layout_basic, uniq_sigmund

Skill      XL: |  1  2  3 |
---------------+----------+-----
Invocations    | 1 |  1.0
Fighting       | |  2.6
Short Blades   | |  0.9
Long Blades    | |  0.9
Axes           | |  0.9
Maces & Flails | |  0.9
Polearms       | |  0.9
Staves         | |  0.9
Slings         | |  0.9
Bows           | |  0.9
Crossbows      | |  4.5
Throwing       | |  0.9
Armour         | |  0.9
Dodging        | |  4.5
Stealth        | |  0.9
Shields        | |  0.9
Unarmed Combat | |  0.9
Spellcasting   | |  2.8
Conjurations   | |  0.6
Hexes          | |  5.4
Summonings     | |  0.6
Necromancy     | |  0.6
Translocations | |  0.6
Transmutations | |  0.6
Fire Magic     | |  0.6
Ice Magic      | |  0.6
Air Magic      | |  0.6
Earth Magic    | |  0.6
Poison Magic   | |  0.6
Evocations     | |  0.9

Action                   || total
-------------------------++-------
 Fire: Hand crossbow     ||    56
 Cast: Slow              ||    10
Armor: Robe              ||     2
Dodge: Dodged            ||    12

Table legend: (Time is in decaauts)
 A = Elapsed time spent in this place.
 B = Non-inter-level travel time spent in this place.
 C = Inter-level travel time spent in this place.
 D = Time resting spent in this place.
 E = Time spent auto-exploring this place.
 F = Levels seen in this place.
 G = Mean time per level.
                   A        B        C        D        E       F      G
               +--------+--------+--------+--------+--------+-----+--------+
         Total |    572 |    572 |      0 |    133 |    256 |   2 |  286.0 |
       Dungeon |    572 |    572 |      0 |    133 |    256 |   2 |  286.0 |
               +--------+--------+--------+--------+--------+-----+--------+

Top non-repeatable levels by time:
     D:1: 519 daAuts
     D:2: 53 daAuts
